 Dungeon Crawl Stone Soup version 0.30-a0-263-ge22c4ad894 (webtiles) character file.

Game seed: 4447277703787545738

70 koil the Sneak (level 4, 0/21 HPs)
             Began as a Spriggan Enchanter on Oct 14, 2022.
             Killed from afar by an orc wizard (8 damage)
             ... with a magic dart
             ... on level 3 of the Dungeon.
             The game lasted 00:04:06 (1684 turns).

koil the Sneak (Spriggan Enchanter)                 Turns: 1684, Time: 00:04:07

Health: 0/21       AC:  2    Str:  4    XL:     4   Next: 3%
Magic:  10/10      EV: 18    Int: 16    God:
Gold:   83         SH:  0    Dex: 17    Spells: 7/9 levels left

rFire   . . .      SeeInvis +    a - +4 dagger
rCold   . . .      Faith    .    (no shield)
rNeg    . . .      Spirit   .    j - +0 robe
rPois   .          Reflect  .    (helmet restricted)
rElec   .          Harm     .    n - scarf {repulsion}
rCorr   .          Rampage  .    (gloves unavailable)
Will    .....                    (boots unavailable)
Stlth   +++.......               (no amulet)
HPRegen 0.23/turn                (no ring)
MPRegen 0.12/turn                (no ring)

@: repel missiles, very quick
A: very small, no large weapons, unfitting armour, see invisible, speed 3
a: no special abilities


You were on level 3 of the Dungeon.
You visited 1 branch of the dungeon, and saw 3 of its levels.

You collected 83 gold pieces.

Inventory:

Hand Weapons
 a - a +4 dagger (weapon)
 e - a +1 dagger
 g - a +2 hand axe of venom
Missiles
 p - 3 poisoned darts (quivered)
Armour
 j - a +0 robe (worn)
 n - a scarf of repulsion (worn)
Scrolls
 b - a scroll of teleportation {unknown}
 d - 4 scrolls of poison {unknown}
 f - a scroll of enchant armour {unknown}
 i - a scroll of summoning {unknown}
 o - a scroll of identify {unknown}
Potions
 c - 2 potions of invisibility
 h - a potion of lignification {unknown}
 k - a potion of flight {unknown}
 l - a potion of curing {unknown}
 m - 2 potions of heal wounds {unknown}


   Skills:
 + Level 0.7 Fighting
 + Level 1.9 Short Blades
 + Level 3.4 Dodging
 + Level 5.1 Stealth
 + Level 3.4 Spellcasting
 + Level 4.1 Hexes


You had 7 spell levels left.
You knew the following spells:

 Your Spells              Type           Power      Damage    Failure   Level
a - Ensorcelled Hibernat  Hex/Ice        18%        N/A       12%         2

Your spell library contained the following spells:

 Spells                   Type           Power      Damage    Failure   Level
 Confusing Touch          Hex            15%        N/A       10%         3
 Tukima's Dance           Hex            15%        N/A       10%         3
 Dazzling Flash           Conj/Hex       18%        N/A       24%         3


Dungeon Overview and Level Annotations

Branches:
Dungeon (3/15)

Altars:


Innate Abilities, Weirdness & Mutations

You are very small and have problems with some larger weapons.
You are too small for most types of armour.
You have supernaturally acute eyesight. (SInv)
You cover ground extremely quickly. (Speed+++)


Message History

Found a stone staircase leading up.
Search for what [? for help]? need Can't find anything matching that.
Search for what [Enter for "need", or ? for help]? dart
There is an open door here.
You see here 3 poisoned darts.
p - 3 poisoned darts An orc comes into view.
It is wielding a +0 dagger.
An adder and an orc come into view.
The helpless orc fails to defend itself.
You impale the orc!!
You kill the orc!
An orc wizard comes into view. It is wielding a +0 vampiric dagger.
Found a viscous sapphire potion.
The adder hisses angrily.
Things that are here:
a +0 dagger; a +0 ring mail; an orc corpse The adder completely misses you.
The orc shouts!
The orc wizard shouts!
You hit the adder.
The adder is heavily wounded.
The adder bites you.
You are poisoned.
The adder poisons you!
You feel sick.
The orc wizard hits you with a +0 vampiric dagger.
The orc hits you with a +0 mace.
You feel sick. The orc hits you with a +0 mace.
Things that are here:
a +0 dagger; a +0 ring mail; an orc corpse You feel sick.
You feel sick.
You feel sick.
You are no longer poisoned.
The orc wizard mumbles some strange words.
The orc wizard flickers and vanishes for a moment.
The orc wizard gestures at you while chanting.
The magic dart hits you!
You die...

#.# #.# #.# #.#
############.#
#.......##...#
#.......##.###
#.......##'####
#........@...<#
#............##
#............#
#............#####.
#..................
######............#
#.........8.#
#..ooS.....##
#.........##


You could see an orc wizard (invisible), an adder and an orc.

Vanquished Creatures
  An adder (D:2)
  3 dart slugs
  An orc (D:3)
  4 bats
  6 endoplasms
  4 giant cockroaches (D:2)
  4 hobgoblins
  3 jackals (D:2)
  3 quokkas
  9 ball pythons
  3 frilled lizards
  4 goblins (D:1)
  4 rats
  A spectral hobgoblin (D:2)
50 creatures vanquished.

Notes
Turn   | Place    | Note
-------+----------+-------------------------------------------
     0 | D:1      | koil the Spriggan Enchanter began the quest for the Orb.
     0 | D:1      | Reached XP level 1. HP: 9/9 MP: 5/5
   180 | D:1      | Reached XP level 2. HP: 13/13 MP: 6/6
   185 | D:1      | Learned a level 2 spell: Ensorcelled Hibernation
   791 | D:2      | Reached XP level 3. HP: 17/17 MP: 8/8
   933 | D:2      | Reached skill level 5 in Stealth
  1152 | D:2      | Found a faded altar of an unknown god.
  1604 | D:2      | Reached XP level 4. HP: 21/21 MP: 10/10
  1684 | D:3      | Killed from afar by an orc wizard

Illustrated notes

Levels and vault maps discovered:
D:1:      dpeg_arrival_houses_and_road, layout_loops_ring
D:2:      layout_basic, dreamdust_ecumenical_altar_drowned_temple,
          grunt_ministairs_3, fountainhead, minmay_heptomino_w4
D:3:      layout_basic, nicolae_overflow_ecumenical_swirl,
          nicolae_figureground_pulse, uniq_natasha

Skill      XL: |  1  2  3 |
---------------+----------+-----
Dodging        | 3 |  3.4
Spellcasting   | 3 |  3.4
Stealth        | 5 |  5.1
Hexes          | 4 |  4.1
Fighting       | |  0.7
Short Blades   | |  1.9

Action                   |  1- 3 |  4- 6 || total
-------------------------+-------+-------++-------
Melee: Dagger            |   105 |     2 ||   107
       Punch             |     1 |       ||     1
 Stab: Sleeping          |    17 |     1 ||    18
       Distracted        |     2 |       ||     2
Armor: Robe              |    13 |       ||    13
Dodge: Dodged            |    71 |     1 ||    72

Table legend: (Time is in decaauts)
 A = Elapsed time spent in this place.
 B = Non-inter-level travel time spent in this place.
 C = Inter-level travel time spent in this place.
 D = Time resting spent in this place.
 E = Time spent auto-exploring this place.
 F = Levels seen in this place.
 G = Mean time per level.
                   A        B        C        D        E       F      G
               +--------+--------+--------+--------+--------+-----+--------+
         Total |   1140 |   1119 |     21 |     58 |    754 |   3 |  380.0 |
       Dungeon |   1140 |   1119 |     21 |     58 |    754 |   3 |  380.0 |
               +--------+--------+--------+--------+--------+-----+--------+

Top non-repeatable levels by time:
     D:2: 608 daAuts
     D:1: 485 daAuts
     D:3: 46 daAuts
